[Event "ICC Open 2015"]
[Site "Internet Chess Club"]
[Date "2015.05.30"]
[Round "4"]
[White "littleplotkin"]
[Black "Bundestrainer"]
[Result "1-0"]
[ICCResult "Black forfeits on time"]
[WhiteElo "2369"]
[BlackElo "1844"]
[Opening "Réti opening"]
[ECO "A04"]
[NIC "QP.11"]
[Time "14:38:58"]
[TimeControl "180+0"]

1. Nf3 d6 2. e3 e5 3. c4 Nf6 4. d4 Nbd7 5. Nc3 Be7 6. b3 O-O 7. Bb2 Re8 8.
Be2 Bf8 9. O-O c6 10. Re1 Qc7 11. d5 cxd5 12. Nxd5 Nxd5 13. Qxd5 Nf6 14. Qd1
Bf5 15. Nh4 Be6 16. f4 Qc5 17. Kh1 Qxe3 18. fxe5 dxe5 19. Bf3 Qh6 20. g3
Rad8 21. Qe2 Rd2 22. Qxe5 Bxc4 23. Qc3 Rxe1+ 24. Rxe1 Rxb2 25. Qxb2 Bd5 26.
Qf2 Ng4 27. Qg2 Bxf3 28. Qxf3 Nf6 29. Qg2 Bc5 30. Nf3 Bb4 31. Qe2 Bxe1 32.
Qe8+ {Black forfeits on time} 1-0

[Event "ICC Open 2015"]
[Site "Internet Chess Club"]
[Date "2015.05.30"]
[Round "4"]
[White "playwaycool"]
[Black "patzenfeet"]
[Result "1-0"]
[ICCResult "Black resigns"]
[WhiteElo "2345"]
[BlackElo "1565"]
[Opening "Queen's pawn game"]
[ECO "D04"]
[NIC "QP.08"]
[Time "14:39:49"]
[TimeControl "180+0"]

1. d4 d5 2. Nf3 Nf6 3. e3 c6 4. Nbd2 a6 5. Bd3 Nbd7 6. Qe2 e6 7. c3 Bd6 8.
e4 e5 9. exd5 cxd5 10. dxe5 Nxe5 11. Nxe5 O-O 12. f4 Re8 13. O-O Ng4 14. Qf3
Qb6+ 15. Kh1 Ne3 16. Re1 Nf5 17. Nb3 f6 18. Bxf5 Bxf5 19. Be3 Qc7 20. Ng4
Be4 21. Qf1 h5 22. Nf2 Bxf4 23. Bxf4 Qxf4 24. Nxe4 Rxe4 25. Qxf4 Rxf4 26.
Kg1 g5 27. Nd4 Rd8 28. Ne6 Re4 29. Rxe4 dxe4 30. Nxd8 {Black resigns} 1-0

[Event "ICC Open 2015"]
[Site "Internet Chess Club"]
[Date "2015.05.30"]
[Round "4"]
[White "centrepawn"]
[Black "jps7"]
[Result "0-1"]
[ICCResult "White forfeits on time"]
[WhiteElo "1270"]
[BlackElo "1577"]
[Opening "Queen's pawn, Mason variation"]
[ECO "D00"]
[NIC "QP.08"]
[Time "14:39:01"]
[TimeControl "180+0"]

1. d4 d5 2. Bf4 e6 3. Nf3 Bd6 4. e3 Bxf4 5. exf4 Qd6 6. g3 Nf6 7. Nbd2 O-O
8. c3 Qb6 9. Qc2 c5 10. Bd3 g6 11. Ne5 cxd4 12. cxd4 Qxd4 13. Nxg6 fxg6 14.
Bxg6 hxg6 15. Qxg6+ Kh8 16. Qh6+ Nh7 17. Nf3 Qg7 18. Qh4 Kg8 19. Ng5 Nxg5
20. fxg5 Qxb2 21. Rd1 Rxf2 {White forfeits on time} 0-1

[Event "ICC Open 2015"]
[Site "Internet Chess Club"]
[Date "2015.05.30"]
[Round "4"]
[White "Vogel"]
[Black "DogGambit"]
[Result "1-0"]
[ICCResult "Black resigns"]
[WhiteElo "2239"]
[BlackElo "1671"]
[Opening "Pirc defense"]
[ECO "B07"]
[NIC "PU.08"]
[Time "14:40:43"]
[TimeControl "180+0"]

1. e4 d6 2. d4 Nf6 3. Bd3 e5 4. c3 d5 5. dxe5 Nxe4 6. Nf3 Be7 7. O-O O-O 8.
h3 f5 9. c4 dxc4 10. Bxc4+ Kh8 11. Qe2 c6 12. Rd1 Qc7 13. Bf4 Qb6 14. Be3
Qc7 15. Nbd2 Nxd2 16. Rxd2 Nd7 17. Rad1 Nb6 18. Bb3 a5 19. a3 a4 20. Ba2 h6
21. Bd4 Bd7 22. Bxb6 Qxb6 23. Rxd7 {Black resigns} 1-0

[Event "ICC Open 2015"]
[Site "Internet Chess Club"]
[Date "2015.05.30"]
[Round "4"]
[White "kaspinha"]
[Black "SCORPION83"]
[Result "0-1"]
[ICCResult "White resigns"]
[WhiteElo "2346"]
[BlackElo "3078"]
[Opening "Van't Kruijs opening"]
[ECO "A00"]
[Time "14:38:41"]
[TimeControl "180+0"]

1. e3 d5 2. b3 Nf6 3. Bb2 c5 4. f4 g6 5. Nf3 Bg7 6. Bb5+ Bd7 7. Qe2 O-O 8.
Ne5 Bf5 9. Bd3 Bxd3 10. cxd3 Nc6 11. Nxc6 bxc6 12. O-O Nd7 13. Bxg7 Kxg7 14.
Nc3 Nb6 15. f5 Qd6 16. e4 d4 17. Nd1 Nd7 18. Nb2 Ne5 19. Rac1 Rab8 20. g4 g5
21. h4 h6 22. h5 Rb4 23. Kg2 Rfb8 24. Na4 c4 25. dxc4 d3 26. Qe3 Nxg4 27.
Qg3 Ne5 28. f6+ exf6 29. Rf5 Rxa4 30. bxa4 Rb2 31. Rcf1 Rxd2+ 32. R1f2 Rxf2+
33. Rxf2 d2 {White resigns} 0-1

[Event "ICC Open 2015"]
[Site "Internet Chess Club"]
[Date "2015.05.30"]
[Round "4"]
[White "Linkmus"]
[Black "totus"]
[Result "1-0"]
[ICCResult "Black resigns"]
[WhiteElo "2723"]
[BlackElo "2312"]
[Opening "Pirc: classical system, 5.Be2"]
[ECO "B08"]
[NIC "PU.03"]
[Time "14:39:35"]
[TimeControl "180+0"]

1. d4 d6 2. e4 Nf6 3. Nc3 g6 4. Nf3 Bg7 5. Be2 O-O 6. O-O c6 7. a4 Qc7 8. a5
Nbd7 9. h3 Rb8 10. Bf4 e5 11. dxe5 dxe5 12. Bh2 b5 13. axb6 axb6 14. Qd2 b5
15. Qe3 Ne8 16. Rfd1 f6 17. Ra7 Rb7 18. Ra8 Nb6 19. Raa1 Be6 20. Ra6 Nd7 21.
Qd2 Nb8 22. Ra8 Ra7 23. Nd4 Rxa8 24. Nxe6 Qe7 25. Nxf8 Bxf8 26. Bxb5 Qb7 27.
Bc4+ Kg7 28. f4 Bc5+ 29. Kh1 Bd4 30. fxe5 Bxe5 31. Bxe5 fxe5 32. Qg5 Qc7 33.
Be6 Nf6 34. Bb3 Nbd7 35. Qe3 Rf8 36. Na4 Nh5 37. Be6 Ndf6 38. Nc5 Nf4 39.
Bc4 Rd8 40. Rxd8 Qxd8 41. Qxf4 Qd1+ 42. Qf1 Qxc2 43. Ne6+ Kh6 44. Qxf6
{Black resigns}
1-0

[Event "ICC Open 2015"]
[Site "Internet Chess Club"]
[Date "2015.05.30"]
[Round "4"]
[White "DrSteelHammer"]
[Black "chessdjw"]
[Result "1-0"]
[ICCResult "Black resigns"]
[WhiteElo "3157"]
[BlackElo "2342"]
[Opening "QGD: Ragozin variation"]
[ECO "D38"]
[NIC "NI.27"]
[Time "14:40:10"]
[TimeControl "180+0"]

1. d4 Nf6 2. c4 e6 3. Nf3 d5 4. Nc3 Bb4 5. Bd2 O-O 6. a3 Bxc3 7. Bxc3 Ne4 8.
Rc1 b6 9. e3 Ba6 10. b3 Nxc3 11. Rxc3 Nd7 12. cxd5 Bxf1 13. Kxf1 exd5 14. g3
c5 15. dxc5 Nxc5 16. Kg2 Ne4 17. Rd3 Qe7 18. b4 a5 19. Qb3 axb4 20. axb4
Rfd8 21. Rhd1 Nf6 22. R3d2 Rac8 23. Nd4 h5 24. b5 h4 25. Nc6 Qe4+ 26. f3 h3+
27. Kf2 Qf5 28. Ne7+ {Black resigns} 1-0

[Event "ICC Open 2015"]
[Site "Internet Chess Club"]
[Date "2015.05.30"]
[Round "4"]
[White "atiroaoj"]
[Black "catman"]
[Result "0-1"]
[ICCResult "White checkmated"]
[WhiteElo "1997"]
[BlackElo "1628"]
[Opening "French: King's Indian attack"]
[ECO "C00"]
[NIC "FR.02"]
[Time "14:39:25"]
[TimeControl "180+0"]

1. e4 e6 2. d3 d5 3. Nd2 Nf6 4. Ngf3 Nc6 5. g3 Bc5 6. Bg2 e5 7. O-O a5 8. c3
O-O 9. Qc2 a4 10. Re1 Ng4 11. d4 exd4 12. cxd4 Bxd4 13. Nxd4 Nxd4 14. Qd3
Qf6 15. f3 Nc2 16. Qxc2 Qd4+ 17. Kh1 Nf2+ 18. Kg1 Nh3+ 19. Kf1 Qf2#
{White checkmated}
0-1

[Event "ICC Open 2015"]
[Site "Internet Chess Club"]
[Date "2015.05.30"]
[Round "4"]
[White "mockingbird"]
[Black "saira"]
[Result "0-1"]
[ICCResult "White checkmated"]
[WhiteElo "2263"]
[BlackElo "1762"]
[Opening "Giuoco Pianissimo"]
[ECO "C55"]
[NIC "IG.01"]
[Time "14:39:38"]
[TimeControl "180+0"]

1. e4 e5 2. Nf3 Nc6 3. Bc4 Nf6 4. d3 Bc5 5. c3 Bb6 6. O-O d6 7. h3 Qe7 8.
Bb3 O-O 9. Nbd2 Be6 10. Bxe6 fxe6 11. Nc4 Qf7 12. Be3 Nh5 13. Bxb6 axb6 14.
Ng5 Qg6 15. Nxe6 Qxe6 16. Qxh5 Rf6 17. Ne3 g6 18. Qg4 Qf7 19. Nd5 Rf4 20.
Nxf4 exf4 21. d4 Rf8 22. Qf3 h5 23. Rfe1 g5 24. e5 dxe5 25. dxe5 Qf5 26. e6
g4 27. Qe4 Qf6 28. Rad1 gxh3 29. gxh3 f3 30. Rd7 Qg5+ 31. Kh1 Qg2#
{White checkmated}
0-1

[Event "ICC Open 2015"]
[Site "Internet Chess Club"]
[Date "2015.05.30"]
[Round "4"]
[White "maly"]
[Black "PADILLON2189"]
[Result "0-1"]
[ICCResult "White resigns"]
[WhiteElo "2566"]
[BlackElo "2075"]
[Opening "Benoni: fianchetto variation"]
[ECO "A62"]
[NIC "QI.01"]
[Time "14:38:58"]
[TimeControl "180+0"]

1. d4 Nf6 2. c4 e6 3. Nf3 c5 4. d5 exd5 5. cxd5 d6 6. Nc3 g6 7. g3 Bg7 8.
Nd2 O-O 9. Bg2 Na6 10. O-O Nc7 11. a4 b6 12. Qb3 Re8 13. Nc4 Ba6 14. Rd1
Bxc4 15. Qxc4 a6 16. e4 Nd7 17. Qb3 Rb8 18. Qc2 b5 19. axb5 axb5 20. Ra7 b4
21. Nb1 Nb5 22. Nd2 Nxa7 23. Nc4 Ne5 24. Ne3 Nb5 25. h3 Nd4 26. Qb1 Qc7 27.
f4 Nd7 28. b3 Nb5 29. Qc2 Nc3 30. Rf1 Nb6 31. Qd3 Rbc8 32. Nc4 Nxc4 33. bxc4
Qa5 34. Kh2 Qa2 35. Bd2 Bd4 36. f5 Qa7 37. f6 Kh8 38. Qf3 Nxe4 39. Qf4 Nxd2
40. Qh6 Nxf1+ 41. Bxf1 Bxf6 42. Qd2 Bg7 43. h4 f5 44. Kh3 Re4 45. Bg2 Rce8
46. Qg5 Qe7 47. Qd2 Re2 48. Qd3 Rxg2 49. Kxg2 Qe4+ 50. Qxe4 fxe4 {White
resigns} 0-1

[Event "ICC Open 2015"]
[Site "Internet Chess Club"]
[Date "2015.05.30"]
[Round "4"]
[White "BoardLord"]
[Black "Kseroks"]
[Result "0-1"]
[ICCResult "White resigns"]
[WhiteElo "2263"]
[BlackElo "2778"]
[Opening "Sicilian: Labourdonnais-Löwenthal variation"]
[ECO "B32"]
[NIC "SI.32"]
[Time "14:39:30"]
[TimeControl "180+0"]

1. e4 c5 2. Nf3 Nc6 3. d4 cxd4 4. Nxd4 e5 5. Nb5 a6 6. Nd6+ Bxd6 7. Qxd6 Qe7
8. Qd3 Nf6 9. Nc3 O-O 10. a3 d6 11. Bg5 Be6 12. O-O-O Rfd8 13. Be2 b5 14.
Kb1 b4 15. axb4 Nxb4 16. Qf3 Rab8 17. Bxf6 gxf6 18. h4 Kh8 19. g4 Rb6 20. g5
Rdb8 21. gxf6 Qf8 22. Qe3 Na2 23. Nxa2 Rxb2+ 24. Kc1 Rxa2 25. Rdg1 Rc8 26.
Bd3 d5 27. exd5 Bxd5 28. Rg7 e4 29. Qh6 Qa3+ 30. Kd2 Rcxc2+ 31. Bxc2 Qd3+
32. Ke1 Ra1+ {White resigns} 0-1

[Event "ICC Open 2015"]
[Site "Internet Chess Club"]
[Date "2015.05.30"]
[Round "4"]
[White "FedoseevVl95"]
[Black "ShadowLike"]
[Result "1-0"]
[ICCResult "Black forfeits on time"]
[WhiteElo "3058"]
[BlackElo "2232"]
[Opening "Ruy Lopez: Schliemann defense"]
[ECO "C63"]
[NIC "RL.06"]
[Time "14:38:41"]
[TimeControl "180+0"]

1. e4 e5 2. Nf3 Nc6 3. Bb5 f5 4. d4 fxe4 5. Bxc6 dxc6 6. Nxe5 Qh4 7. O-O Nf6
8. Nc3 Bd6 9. Qe2 Be6 10. f4 Bf5 11. Be3 O-O 12. h3 Nd5 13. Nxd5 cxd5 14. c4
c6 15. cxd5 cxd5 16. Kh2 Rae8 17. Qb5 Be6 18. f5 Bf7 19. Bf4 Rc8 20. Bg3 Qh6
21. Rf2 Rc1 22. Bf4 {Black forfeits on time} 1-0

[Event "ICC Open 2015"]
[Site "Internet Chess Club"]
[Date "2015.05.30"]
[Round "4"]
[White "kl5555"]
[Black "kanishksinghus"]
[Result "1-0"]
[ICCResult "Black resigns"]
[WhiteElo "1753"]
[BlackElo "1203"]
[Opening "King's Indian: 6.Be2"]
[ECO "E91"]
[NIC "KI.19"]
[Time "14:40:04"]
[TimeControl "180+0"]

1. d4 Nf6 2. Nf3 g6 3. c4 Bg7 4. Nc3 O-O 5. e4 d6 6. Be2 c5 7. d5 Nbd7 8.
O-O b6 9. h3 e6 10. dxe6 fxe6 11. Qxd6 Bb7 12. Rd1 Rf7 13. Ng5 Rf8 14. e5 h6
15. Qxe6+ {Black resigns} 1-0

[Event "ICC Open 2015"]
[Site "Internet Chess Club"]
[Date "2015.05.30"]
[Round "4"]
[White "Mardaker"]
[Black "Darnoc"]
[Result "0-1"]
[ICCResult "White checkmated"]
[WhiteElo "2725"]
[BlackElo "2996"]
[Opening "Réti: King's Indian attack (Barcza system)"]
[ECO "A07"]
[NIC "QP.09"]
[Time "14:40:12"]
[TimeControl "180+0"]

1. Nf3 d5 2. g3 Bg4 3. Bg2 e6 4. O-O Nd7 5. d4 Bd6 6. Nbd2 Ngf6 7. Re1 O-O
8. e4 dxe4 9. Nxe4 Re8 10. c3 e5 11. Nxd6 cxd6 12. dxe5 Nxe5 13. Re3 Qa5 14.
h3 Nxf3+ 15. Bxf3 Bxh3 16. Bxb7 Rab8 17. Rxe8+ Rxe8 18. Bf4 d5 19. Bc6 Re6
20. Qa4 Qb6 21. Bb5 Ng4 22. Be3 Rxe3 23. Bf1 Rxg3+ 24. Kh1 Bg2+ 25. Bxg2
Qh6+ 26. Kg1 Qh2+ 27. Kf1 Qxg2+ 28. Ke1 Qxf2+ 29. Kd1 Rg1# {White
checkmated} 0-1

[Event "ICC Open 2015"]
[Site "Internet Chess Club"]
[Date "2015.05.30"]
[Round "4"]
[White "Bozhenka"]
[Black "gbray"]
[Result "1-0"]
[ICCResult "Black checkmated"]
[WhiteElo "3076"]
[BlackElo "2225"]
[Opening "Grünfeld: Russian variation"]
[ECO "D97"]
[NIC "GI.10"]
[Time "14:38:38"]
[TimeControl "180+0"]

1. d4 Nf6 2. c4 g6 3. Nc3 d5 4. Nf3 Bg7 5. Qb3 dxc4 6. Qxc4 O-O 7. Bf4 c6 8.
e3 b5 9. Qb3 Bb7 10. Be2 Nbd7 11. O-O a6 12. a4 Nb6 13. h3 Nfd5 14. Be5 b4
15. Bxg7 Kxg7 16. Ne4 a5 17. Nc5 Bc8 18. Rad1 Nd7 19. Rc1 Nxc5 20. Rxc5 Bb7
21. Ne5 Rc8 22. Rfc1 f6 23. Nxc6 Bxc6 24. Rxc6 Rxc6 25. Rxc6 Nb6 26. Bf3 Qb8
27. Qc2 Rc8 28. Qc5 Rxc6 29. Qxe7+ Kh6 30. Bxc6 f5 31. h4 Nc4 32. b3 Nd2 33.
Bd5 f4 34. Qg5+ Kg7 35. exf4 Qc8 36. g4 Qc1+ 37. Kh2 Qf1 38. Qe7+ Kh6 39.
Qf8# {Black checkmated} 1-0

[Event "ICC Open 2015"]
[Site "Internet Chess Club"]
[Date "2015.05.30"]
[Round "4"]
[White "Berke"]
[Black "paulohaddad"]
[Result "0-1"]
[ICCResult "White resigns"]
[WhiteElo "1498"]
[BlackElo "1818"]
[Opening "Giuoco Pianissimo"]
[ECO "C55"]
[NIC "IG.01"]
[Time "14:38:54"]
[TimeControl "180+0"]

1. e4 e5 2. Nf3 Nc6 3. Bc4 Nf6 4. d3 Bc5 5. c3 d6 6. Bb3 Bg4 7. Nbd2 O-O 8.
h3 Bh5 9. Nf1 h6 10. Ng3 Bg6 11. Qe2 d5 12. Nh4 Bh7 13. Bc2 Nxe4 14. dxe4
Qxh4 15. exd5 Bxc2 16. Qxc2 Ne7 17. O-O Qxg3 18. Be3 Bxe3 19. fxe3 Qxe3+ 20.
Kh1 Nxd5 21. Rae1 Qg5 22. Qe4 c6 23. Rf5 Qg6 24. Qf3 f6 25. c4 Nf4 26. g4
Rfd8 27. Re2 Rd3 28. Qf2 Rxh3+ 29. Kg1 Qxg4+ 30. Qg2 Rg3 31. Rxf6 Rxg2+
{White resigns}
0-1

[Event "ICC Open 2015"]
[Site "Internet Chess Club"]
[Date "2015.05.30"]
[Round "4"]
[White "Ancient"]
[Black "Redbaron"]
[Result "0-1"]
[ICCResult "White resigns"]
[WhiteElo "2112"]
[BlackElo "2522"]
[Opening "Sicilian: Taimanov (Bastrikov) variation"]
[ECO "B47"]
[NIC "SI.40"]
[Time "14:39:45"]
[TimeControl "180+0"]

1. e4 c5 2. Nf3 e6 3. d4 cxd4 4. Nxd4 Nc6 5. Nc3 Qc7 6. Nxc6 bxc6 7. Bd3 Nf6
8. O-O d5 9. Kh1 Be7 10. f4 O-O 11. e5 Nd7 12. b3 a5 13. Na4 Ba6 14. Bb2
Bxd3 15. cxd3 Nb6 16. Nxb6 Qxb6 17. f5 exf5 18. Rxf5 a4 19. h3 axb3 20. axb3
Rxa1 21. Bxa1 g6 22. Rf1 c5 23. Qg4 Qe6 24. Qf4 Rb8 25. d4 Rxb3 26. dxc5
Bxc5 27. Bd4 Bf8 28. Qc1 Rd3 29. Rf4 Bh6 30. Qc2 Rxh3+ 31. gxh3 Qxh3+ 32.
Qh2 Qxh2+ 33. Kxh2 Bxf4+ 34. Kg2 Kf8 35. Kf3 Bh2 36. Kg2 Bf4 37. Kf3 Bc1 38.
Bc5+ Ke8 39. Bb4 Kd7 40. Bd6 Ke6 41. Kg4 h6 {White resigns} 0-1

[Event "ICC Open 2015"]
[Site "Internet Chess Club"]
[Date "2015.05.30"]
[Round "4"]
[White "PerMag"]
[Black "Rembrand"]
[Result "1-0"]
[ICCResult "Black checkmated"]
[WhiteElo "1753"]
[BlackElo "2060"]
[Opening "Ruy Lopez: closed, Smyslov defense"]
[ECO "C93"]
[NIC "RL.22"]
[Time "14:39:17"]
[TimeControl "180+0"]

1. e4 e5 2. Nf3 Nc6 3. Bb5 a6 4. Ba4 Nf6 5. O-O b5 6. Bb3 Be7 7. Re1 d6 8.
h3 O-O 9. c3 h6 10. d4 Re8 11. Nbd2 Bb7 12. d5 Na5 13. Bc2 Bf8 14. Nf1 c5
15. dxc6 Bxc6 16. Ng3 g6 17. Be3 Qc7 18. Qd2 Kh7 19. Rad1 Nc4 20. Qc1 Nxe3
21. Rxe3 Rad8 22. Red3 d5 23. exd5 Bxd5 24. Re3 e4 25. Nd4 Bd6 26. Nge2 Bh2+
27. Kh1 Nh5 28. g3 Bxg3 29. fxg3 f5 30. Rf1 Rf8 31. Nf4 Nf6 32. Nde6 Qb7 33.
Nxf8+ Rxf8 34. Qd2 Bc6 35. Qd4 g5 36. Ne6 Rf7 37. Rxf5 Rd7 38. Qxf6 Rd3 39.
Nf8+ Kg8 40. Qg6+ Kh8 41. Qxh6+ Kg8 42. Rxg5+ Kf7 43. Qe6+ Kxf8 44. Rg8#
{Black checkmated}
1-0

[Event "ICC Open 2015"]
[Site "Internet Chess Club"]
[Date "2015.05.30"]
[Round "4"]
[White "Much-Acclaimed"]
[Black "ivancele"]
[Result "1-0"]
[ICCResult "Black forfeits on time"]
[WhiteElo "1954"]
[BlackElo "1659"]
[Opening "English: Anglo-Dutch defense"]
[ECO "A10"]
[NIC "HD.14"]
[Time "14:38:41"]
[TimeControl "180+0"]

1. c4 f5 2. g3 Nf6 3. Bg2 g6 4. Nf3 Bg7 5. O-O d6 6. Nc3 e5 7. d3 c6 8. Rb1
Be6 9. b4 a6 10. a4 Nbd7 11. Ng5 Bg8 12. b5 axb5 13. axb5 h6 14. bxc6 bxc6
15. Nf3 Bf7 16. Nd2 O-O 17. Bxc6 Nc5 18. Bg2 Kh7 19. Nb3 Ne6 20. Nd5 Rb8 21.
Ba3 Nc7 22. Ne3 f4 23. Nd5 Ncxd5 24. cxd5 Nxd5 25. Qd2 Nf6 26. Na5 Rxb1 27.
Rxb1 fxg3 28. hxg3 Ng4 29. Nc6 Qf6 30. e3 d5 31. Nb4 {Black forfeits on
time} 1-0

[Event "ICC Open 2015"]
[Site "Internet Chess Club"]
[Date "2015.05.30"]
[Round "4"]
[White "santiagoelawad"]
[Black "Psycho-Cowboy"]
[Result "0-1"]
[ICCResult "White resigns"]
[WhiteElo "2051"]
[BlackElo "2432"]
[Opening "English: Anglo-Dutch defense"]
[ECO "A10"]
[NIC "HD.14"]
[Time "14:38:46"]
[TimeControl "180+0"]

1. c4 f5 2. g3 Nf6 3. Bg2 e6 4. Nf3 Be7 5. O-O O-O 6. b3 d6 7. d4 Ne4 8.
Nfd2 Nxd2 9. Qxd2 e5 10. dxe5 dxe5 11. Rd1 Qxd2 12. Nxd2 c6 13. Bb2 e4 14.
f3 Bc5+ 15. Kh1 e3 16. Nb1 Na6 17. f4 Nb4 18. Nc3 Re8 19. Rac1 a5 20. Na4
Ba7 21. a3 Na6 22. Bd4 Bxd4 23. Rxd4 Be6 24. Rcd1 Rab8 25. Nb6 Nc5 26. b4
axb4 27. axb4 Ne4 28. Bxe4 fxe4 29. c5 Bg4 30. Nc4 Bxe2 31. Re1 Bf3+ 32. Kg1
e2 33. Ne5 Rbd8 34. Rxd8 Rxd8 35. Kf2 Rd1 36. Nc4 Rd4 37. Rc1 Rd1
{White resigns}
0-1

[Event "ICC Open 2015"]
[Site "Internet Chess Club"]
[Date "2015.05.30"]
[Round "4"]
[White "holderlin"]
[Black "SurferRosa"]
[Result "0-1"]
[ICCResult "White forfeits on time"]
[WhiteElo "1660"]
[BlackElo "2298"]
[Opening "Ruy Lopez: exchange, Gligoric variation"]
[ECO "C69"]
[NIC "RL.08"]
[Time "14:38:48"]
[TimeControl "180+0"]

1. e4 e5 2. Nf3 Nc6 3. Bb5 a6 4. Bxc6 dxc6 5. O-O f6 6. d4 Bg4 7. dxe5 Qxd1
8. Rxd1 fxe5 9. h3 Bxf3 10. gxf3 Bd6 11. Bg5 h6 12. Bh4 g5 13. Bg3 Ne7 14.
Nd2 b5 15. c4 Ng6 16. c5 Bxc5 17. Rac1 Bd6 18. Rxc6 Kd7 19. Rdc1 Ne7 20.
R6c2 c5 21. Nb3 c4 22. Nd2 Nc6 23. b3 Nd4 24. bxc4 Nxc2 25. Rxc2 Rhc8 26. c5
Bxc5 27. Bxe5 Bxf2+ 28. Kxf2 Rxc2 29. Ke3 Rxa2 30. Nb3 Rc8 31. Bd4 Ra3 32.
Kd2 Rxb3 {White forfeits on time} 0-1

[Event "ICC Open 2015"]
[Site "Internet Chess Club"]
[Date "2015.05.30"]
[Round "4"]
[White "ural"]
[Black "noyb"]
[Result "1/2-1/2"]
[ICCResult "Game drawn by repetition"]
[WhiteElo "2389"]
[BlackElo "1998"]
[Opening "Caro-Kann: two knights variation"]
[ECO "B11"]
[NIC "CK.01"]
[Time "14:39:33"]
[TimeControl "180+0"]

1. e4 c6 2. Nc3 d5 3. Nf3 Nf6 4. e5 Ne4 5. Be2 Bg4 6. Nxe4 dxe4 7. Ng5 Bf5
8. g4 Bg6 9. d3 exd3 10. Bxd3 Bxd3 11. Qxd3 Qxd3 12. cxd3 e6 13. Ne4 Nd7 14.
f4 O-O-O 15. Be3 Kb8 16. Ke2 Nb6 17. Rhf1 Be7 18. Bc5 Rhe8 19. Bxe7 Rxe7 20.
Rad1 Red7 21. Nd6 Nc8 22. Nxc8 Kxc8 23. Ke3 Rd4 24. h3 Kc7 25. Rf2 R8d5 26.
Rc2 b6 27. Rc3 c5 28. Rf1 g6 29. b3 Kd7 30. Rd1 Ke7 31. Rc4 Kd7 32. Rxd4
Rxd4 33. Rc1 Kc6 34. Rc4 Rxc4 35. dxc4 Kd7 36. Ke4 Ke7 37. f5 Kd7 38. Kf4 h6
39. h4 Ke7 40. a3 a5 41. Ke4 Kd7 42. Kf4 Ke7 43. Ke4 Kd7 44. Kf4 Ke7
{Game drawn by repetition}
1/2-1/2

[Event "ICC Open 2015"]
[Site "Internet Chess Club"]
[Date "2015.05.30"]
[Round "4"]
[White "truufseir"]
[Black "Agenda"]
[Result "1-0"]
[ICCResult "Black forfeits on time"]
[WhiteElo "1576"]
[BlackElo "1238"]
[Opening "Sicilian: Najdorf, 6.f4"]
[ECO "B93"]
[NIC "SI.12"]
[Time "14:38:54"]
[TimeControl "180+0"]

1. e4 c5 2. Nf3 d6 3. d4 cxd4 4. Nxd4 Nf6 5. Nc3 a6 6. f4 b5 7. Bd3 Bb7 8.
Qe2 e6 9. Bd2 Be7 10. O-O-O O-O 11. g4 Nbd7 12. g5 Ne8 13. h4 Rc8 14. f5
exf5 15. Nxf5 d5 16. Nxd5 Bxd5 17. exd5 Bc5 18. Bc3 f6 19. gxf6 Nexf6 20.
Qg2 Nh5 21. Nxg7 Rf2 22. Qe4 Ndf6 23. Qe6+ Kxg7 24. Rhg1+ Kh8 25. Qe4
{Black forfeits on time}
1-0

[Event "ICC Open 2015"]
[Site "Internet Chess Club"]
[Date "2015.05.30"]
[Round "4"]
[White "jefferyx"]
[Black "JustKid"]
[Result "1-0"]
[ICCResult "Black resigns"]
[WhiteElo "2852"]
[BlackElo "2129"]
[Opening "Polish (Sokolsky) opening"]
[ECO "A00"]
[NIC "VO.10"]
[Time "14:38:50"]
[TimeControl "180+0"]

1. b4 d5 2. Bb2 Nf6 3. e3 Bf5 4. Nf3 e6 5. a3 h6 6. Be2 c6 7. c4 Nbd7 8. Nc3
Bd6 9. h3 O-O 10. Rg1 a5 11. g4 Bg6 12. h4 axb4 13. axb4 Rxa1 14. Qxa1 e5
15. h5 Be4 16. g5 Nxh5 17. gxh6 g6 18. cxd5 cxd5 19. h7+ Kh8 20. Nb5 Bxf3
21. Bxf3 Qb6 22. Nxd6 Qxd6 23. Rg5 Ng7 24. Rxe5 f6 25. Rxd5 Qe7 26. Be2 Nb6
27. Rb5 Nd7 28. Rxb7 Qe6 29. b5 Qh3 30. Bf1 Ne6 31. Bxh3 {Black resigns} 1-0

[Event "ICC Open 2015"]
[Site "Internet Chess Club"]
[Date "2015.05.30"]
[Round "4"]
[White "Sunbear"]
[Black "bythebook"]
[Result "1-0"]
[ICCResult "Black forfeits on time"]
[WhiteElo "1923"]
[BlackElo "1631"]
[Opening "Caro-Kann defense"]
[ECO "B11"]
[NIC "CK.01"]
[Time "14:39:58"]
[TimeControl "180+0"]

1. e4 c6 2. Nc3 d5 3. f4 dxe4 4. Nxe4 Nf6 5. Nxf6+ exf6 6. Nf3 Bd6 7. d4 O-O
8. c3 Re8+ 9. Be2 Bf5 10. O-O Nd7 11. Nh4 Be4 12. Bc4 f5 13. Qh5 Qf6 14. Bd2
g6 15. Qh6 Nb6 16. Bb3 Nd5 17. Rae1 Bf8 18. Qg5 Qxg5 19. fxg5 Bd6 20. g4
fxg4 21. c4 Nc7 22. Bf4 Bxf4 23. Rxf4 Bf3 24. Nxf3 gxf3 25. Rf1 Ne6 26. Rg4
Rad8 27. d5 Nc5 28. Rxf3 cxd5 29. cxd5 Nxb3 30. Rxb3 b6 31. Rd3 Rd6 32. Rgd4
Re5 33. h4 Re2 34. Rd2 Rxd2 35. Rxd2 Kf8 36. Kf2 Ke7 37. Ke3 Kd7 38. Ke4 f5+
39. gxf6 Rxf6 40. Ke5 {Black forfeits on time} 1-0

[Event "ICC Open 2015"]
[Site "Internet Chess Club"]
[Date "2015.05.30"]
[Round "4"]
[White "rookfish"]
[Black "Piranha"]
[Result "1-0"]
[ICCResult "Black checkmated"]
[WhiteElo "1205"]
[BlackElo "1722"]
[Opening "Sicilian"]
[ECO "B50"]
[NIC "SI.01"]
[Time "14:39:13"]
[TimeControl "180+0"]

1. e4 c5 2. Nf3 d6 3. Bc4 Nc6 4. d3 Nf6 5. Nc3 g6 6. O-O Bg7 7. h3 O-O 8.
Bg5 Na5 9. Bxf6 Bxf6 10. Bd5 e6 11. Bb3 Nxb3 12. cxb3 Bd7 13. Ne2 Bc6 14.
Rb1 Rc8 15. Ng3 Qa5 16. Re1 a6 17. h4 Qxa2 18. Ng5 Qa5 19. h5 Bxg5 20. hxg6
fxg6 21. Nh5 gxh5 22. Qxh5 Bf6 23. Re3 Qc7 24. Rg3+ Kh8 25. f3 Rg8 26. Rh3
Qg7 27. g4 Be5 28. Kf2 Rcf8 29. Rbh1 Rf7 30. Rg1 Rgf8 31. g5 Bd4+ 32. Ke2
Bxg1 33. g6 Qxg6 34. Qxg6 Rxf3 35. Qxh7# {Black checkmated} 1-0

[Event "ICC Open 2015"]
[Site "Internet Chess Club"]
[Date "2015.05.30"]
[Round "4"]
[White "UAE2002"]
[Black "kingmate"]
[Result "0-1"]
[ICCResult "White checkmated"]
[WhiteElo "2122"]
[BlackElo "2589"]
[Opening "Queen's pawn: Torre attack"]
[ECO "A40"]
[NIC "QP.04"]
[Time "14:38:51"]
[TimeControl "180+0"]

1. d4 e6 2. Nf3 Nf6 3. Bg5 d5 4. Nbd2 Be7 5. e3 O-O 6. Bd3 c5 7. c3 Nc6 8.
h4 b6 9. Bxf6 gxf6 10. Bxh7+ Kxh7 11. Ng5+ Kg6 12. Qc2+ f5 13. f4 Rh8 14. g4
f6 15. h5+ Kg7 16. Ngf3 Bf8 17. O-O-O Kf7 18. g5 Ke8 19. Rdg1 Qe7 20. h6 Ba6
21. Nh4 Qh7 22. gxf6 Qxh6 23. Rg6 Qxg6 24. Nxg6 Rxh1+ 25. Nf1 Rxf1+ 26. Qd1
Rxd1+ 27. Kxd1 Bh6 28. Kd2 Kf7 29. Ne5+ Nxe5 30. fxe5 Rg8 31. dxc5 Rg2+ 32.
Ke1 Bxe3 33. b3 Rg1# {White checkmated} 0-1